Map: New Gettysburg LE

Players

Meno - Winner!

  • Race: Terran Terran
  • League: Gold
  • Spawn Location: 5:00

Fropez

  • Race: Protoss Protoss
  • League: Gold
  • Spawn Location: 7:00

VOD

Have the link to the VOD?

Description

Time

  • Played on: Nov. 4, 2016, 1:35 p.m.
  • Length: 32:50
Show
View Real Time Build Order
Export as new Build Order

Meno Terran - Winner!

Build Orders:  

Get SALT Encoding   

  12  0:02  SCV  
  14  0:14  SCV  
  14  0:20  Supply Depot  
  14  0:26  SCV  
  15  0:32  Refinery  
  15  0:41  SCV  
  16  0:47  Barracks  
  16  0:53  SCV  
  17  1:06  SCV  
  18  1:18  SCV  
  19  1:30  SCV  
  20  1:36  Reaper  
  21  1:44  Refinery  
  21  1:56  Orbital Command  
  21  2:16  Marine  
  21  2:21  Factory  
  22  2:26  Command Center  
  22  2:28  SCV  
  22  3:06  Factory Reactor  
  22  3:16  Engineering Bay  
  22  3:28  Marine, Bunker  
  23  3:36  Supply Depot  
  23  3:37  Supply Depot  
  23  3:38  SCV  
  24  3:42  Orbital Command  
  24  3:50  SCV  
  25  3:59  Missile Turret  
  25  4:05  Missile Turret  
  25  4:08  Widow Mine x2, Missile Turret  
  29  4:12  Missile Turret  
  29  4:14  SCV x2  
  31  4:26  SCV x2  
  31  4:29  Marine  
  34  4:38  SCV  
  35  4:47  Marine  
  35  4:52  Factory  
  36  4:54  Factory  
  36  4:57  SCV x2  
  38  5:00  Factory  
  38  5:02  Hi-Sec Auto Tracking  
  38  5:09  SCV x2  
  40  5:15  Missile Turret  
  40  5:20  Missile Turret  
  40  5:21  SCV x2  
  40  5:26  Widow Mine x2  
  46  5:34  SCV  
  46  5:35  SCV, Supply Depot  
  48  5:44  Supply Depot  
  48  5:46  Factory Tech Lab  
  48  5:47  Factory Reactor x2, SCV, Starport  
  49  5:59  Refinery  
  49  6:00  Refinery  
  49  6:07  Widow Mine x3  
  53  6:25  Widow Mine x2  
  53  6:32  Command Center, Missile Turret  
  57  6:33  Armory  
  57  6:34  Armory  
  57  6:35  Widow Mine  
  57  6:36  Widow Mine x2  
  62  6:45  Widow Mine x2  
  65  6:54  Widow Mine x2  
  69  7:04  Supply Depot  
  69  7:05  Supply Depot  
  69  7:25  Widow Mine x2  
  69  7:27  Supply Depot  
  57  7:45  Widow Mine x5  
  57  7:50  SCV x2  
  69  7:53  Widow Mine x2  
  73  8:02  SCV x2  
  73  8:04  Terran Vehicle And Ship Armor Level 1  
  73  8:05  Drilling Claws  
  75  8:14  SCV x2  
  75  8:26  SCV x2  
  75  8:38  SCV x2  
  75  8:39  Widow Mine x4  
  75  8:40  Widow Mine x2  
  89  8:50  SCV  
  89  8:54  Terran Vehicle Weapons Level 1  
  90  8:55  Widow Mine  
  92  9:07  Widow Mine  
  94  9:10  Widow Mine  
  94  9:25  Refinery  
  94  9:27  Refinery  
  94  9:30  Missile Turret  
  94  9:43  Widow Mine x2  
  94  9:45  Command Center  
  93  10:02  Supply Depot  
  93  10:03  Supply Depot  
  93  10:05  Supply Depot  
  93  10:06  Liberator  
  93  10:23  Widow Mine x3  
  93  10:24  Widow Mine x4  
  110  10:39  Terran Vehicle And Ship Armor Level 2  
  110  10:52  Widow Mine x6  
  110  10:56  Widow Mine  
  120  11:02  Supply Depot  
  120  11:05  Planetary Fortress  
  103  11:20  Widow Mine x3  
  103  11:21  Widow Mine x3  
  103  11:25  Widow Mine  
  97  11:49  SCV x3  
  100  11:59  Starport Reactor  
  100  12:01  SCV x3, Widow Mine x4  
  109  12:13  SCV x3  
  96  12:19  Factory  
  96  12:24  Missile Turret  
  96  12:25  SCV x3, Factory  
  96  12:27  Missile Turret  
  99  12:31  Widow Mine x4  
  99  12:32  Widow Mine x2  
  108  12:57  SCV x2  
  108  12:58  SCV  
  111  13:06  Factory Reactor  
  111  13:09  SCV x2  
  111  13:10  SCV  
  112  13:21  SCV, Widow Mine x4  
  112  13:22  Widow Mine x4  
  129  13:53  Widow Mine x2  
  129  13:54  Widow Mine  
  133  14:20  Widow Mine  
  133  14:21  Widow Mine  
  133  14:29  Widow Mine x4  
  141  14:44  Supply Depot  
  141  14:45  Supply Depot  
  141  14:47  Supply Depot  
  141  14:57  Widow Mine x3  
  141  14:58  SCV x2  
  149  15:05  Widow Mine x2  
  153  15:18  Command Center  
  153  15:21  Widow Mine  
  153  15:22  Widow Mine x4  
  153  15:26  Widow Mine x3, Terran Vehicle And Ship Armor Level 3, Terran Vehicle Weapons Level 2  
  153  15:27  Missile Turret  
  169  15:29  Missile Turret  
  169  15:30  Missile Turret  
  169  15:34  Widow Mine  
  167  15:48  Widow Mine  
  165  15:50  Widow Mine x4  
  169  16:05  Command Center  
  163  16:29  Widow Mine x6  
  163  16:30  Widow Mine x4  
  177  16:57  Widow Mine x3  
  177  16:58  Widow Mine x3  
  183  17:07  Widow Mine x2  
  187  17:16  Supply Depot, Widow Mine x2  
  191  17:26  Widow Mine x3  
  195  17:44  Widow Mine x2  
  199  18:07  Missile Turret  
  199  18:08  Missile Turret  
  199  18:09  Missile Turret  
  199  18:10  Planetary Fortress, Refinery x2  
  199  18:18  Widow Mine  
  185  18:42  Orbital Command  
  171  19:15  Widow Mine x3  
  171  19:16  Widow Mine  
  165  19:50  Widow Mine x2  
  165  19:51  Widow Mine x7  
  165  19:52  Widow Mine  
  183  20:06  Supply Depot x2  
  183  20:07  Supply Depot  
  183  20:11  Missile Turret  
  183  20:12  Missile Turret  
  183  20:13  Missile Turret  
  183  20:14  Planetary Fortress, Missile Turret  
  183  20:19  Widow Mine x6, Missile Turret x2  
  183  20:20  Widow Mine x2  
  199  20:22  Supply Depot  
  191  20:47  Widow Mine x2  
  191  20:48  Widow Mine x2  
  195  21:07  Widow Mine x2  
  199  21:21  Terran Vehicle Weapons Level 3  
  199  21:22  Terran Ship Weapons Level 1  
  199  21:23  Widow Mine  
  199  21:37  Missile Turret  
  199  21:42  Missile Turret  
  193  21:52  Widow Mine x7, Missile Turret  
  199  21:58  Missile Turret  
  193  22:18  Widow Mine  
  193  22:19  Widow Mine x2  
  191  24:13  Command Center  
  191  24:14  Command Center x2  
  187  24:37  Refinery  
  181  24:40  Refinery  
  129  25:59  Orbital Command x3  
  111  27:12  Starport  
  109  27:22  SCV  
  110  27:40  Terran Ship Weapons Level 2  
  110  27:43  Missile Turret x2  
  110  27:44  Factory Tech Lab  
  110  27:45  Missile Turret  
  110  27:47  Siege Tank  
  107  28:19  Siege Tank  
  110  28:21  Widow Mine x6  
  110  28:22  Widow Mine x3  
  118  28:44  Starport Tech Lab  
  112  28:49  Widow Mine x2  
  112  28:50  Widow Mine x5  
  112  28:51  Widow Mine x2  
  112  28:52  Siege Tank  
  131  29:08  Missile Turret  
  129  29:18  Widow Mine x4  
  129  29:19  Widow Mine x5  
  129  29:23  Widow Mine  
  149  29:29  Missile Turret  
  139  29:46  Widow Mine x2  
  139  29:47  Widow Mine x4  
  139  29:50  Missile Turret  
  147  30:11  Missile Turret  
  139  30:32  Missile Turret  
  135  30:43  Missile Turret  
  135  30:44  Missile Turret  
  135  30:46  Missile Turret x2  
  135  30:47  Missile Turret  
  135  30:48  Missile Turret  
  135  30:49  Missile Turret  
  135  30:54  Fusion Core  
  135  30:56  Fusion Core  
  131  30:57  Fusion Core  
  123  31:23  Hellbat x4  
  123  31:24  Hellbat x6  
  143  31:44  Hellbat, Fusion Core  
  145  31:59  Siege Tank x2  
Show
View Real Time Build Order
Export as new Build Order

Fropez Protoss 

Build Orders: 1 Gate Expand 

Get SALT Encoding   

  12  0:01  Probe (Chrono Boost)  
  13  0:11  Probe (Chrono Boost)  
  14  0:18  Pylon  
  14  0:23  Probe (Chrono Boost)  
  15  0:36  Probe (Chrono Boost)  
  15  0:39  Gateway  
  16  0:46  Assimilator  
  16  0:52  Probe (Chrono Boost)  
  17  1:03  Probe (Chrono Boost)  
  18  1:15  Probe (Chrono Boost)  
  19  1:30  Nexus, Probe (Chrono Boost)  
  19  1:41  Assimilator  
  19  1:42  Probe (Chrono Boost)  
  20  1:53  Probe (Chrono Boost)  
  21  1:54  Cybernetics Core  
  21  2:03  Probe (Chrono Boost)  
  23  2:16  Pylon  
  23  2:18  Pylon  
  22  2:30  Gateway x2  
  22  2:31  Warp Gate (Chrono Boost)  
  22  2:39  Mothership Core (Chrono Boost)  
  23  3:03  Probe (Chrono Boost)  
  24  3:12  Probe (Chrono Boost)  
  25  3:28  Probe (Chrono Boost)  
  25  3:29  Probe (Chrono Boost)  
  25  3:32  Forge  
  27  3:36  Pylon  
  27  3:44  Pylon, Stalker x2  
  27  3:47  Stalker  
  33  3:52  Protoss Ground Weapons Level 1 (Chrono Boost)  
  33  4:06  Twilight Council  
  33  4:17  Probe, Gateway  
  33  4:18  Probe  
  35  4:37  Robotics Facility  
  35  4:40  Pylon  
  35  4:41  Pylon, Probe  
  35  4:43  Probe  
  37  4:47  Resonating Glaives (Chrono Boost)  
  37  4:53  Probe  
  38  5:04  Probe  
  39  5:12  Photon Cannon  
  39  5:14  Photon Cannon  
  39  5:21  Pylon, Probe x2  
  41  5:30  Protoss Ground Armor Level 1  
  41  5:32  Warp Prism  
  41  5:33  Probe  
  44  5:36  Probe  
  45  5:45  Probe  
  46  5:50  Probe  
  47  5:57  Probe  
  47  5:59  Stalker  
  47  6:02  Probe  
  51  6:08  Immortal  
  51  6:09  Probe, Stalker  
  58  6:12  Stalker  
  60  6:24  Blink (Chrono Boost)  
  58  6:52  Adept x2  
  58  6:53  Adept x2  
  66  7:03  Immortal  
  70  7:09  Gateway  
  70  7:10  Gateway  
  70  7:11  Probe  
  70  7:12  Pylon  
  70  7:14  Adept x4  
  79  7:30  Pylon  
  65  7:43  Probe x2  
  65  7:45  Observer  
  65  7:51  Adept x4, Protoss Ground Armor Level 2  
  72  7:57  Probe x2  
  76  8:06  Observer  
  76  8:09  Probe  
  76  8:10  Nexus  
  78  8:14  Assimilator  
  78  8:18  Assimilator  
  78  8:38  Photon Cannon  
  78  8:43  Pylon  
  78  8:44  Pylon  
  76  8:57  Adept x3  
  76  8:58  Adept x3  
  88  9:07  Gateway  
  88  9:08  Dark Shrine  
  88  9:09  Gateway  
  88  9:11  Gateway  
  88  9:15  Gateway  
  88  9:20  Probe x2  
  81  9:38  Zealot  
  81  9:39  Adept  
  81  9:40  Adept x4  
  91  9:52  Protoss Shields Level 1  
  91  10:04  Photon Cannon  
  91  10:05  Photon Cannon  
  91  10:11  Photon Cannon  
  91  10:12  Pylon  
  86  10:36  Photon Cannon  
  86  10:38  Photon Cannon  
  84  11:01  Nexus  
  84  11:02  Pylon  
  84  11:05  Pylon  
  82  11:17  Adept  
  82  11:18  Adept  
  86  11:19  Adept x6  
  86  11:20  Adept x2  
  88  11:25  Photon Cannon  
  88  11:28  Photon Cannon  
  88  11:30  Pylon  
  88  11:34  Probe  
  88  11:35  Probe  
  76  11:43  Dark Templar x3  
  76  11:47  Probe  
  83  12:20  Observer (Chrono Boost)  
  77  12:26  Probe  
  77  12:27  Probe  
  77  12:28  Probe  
  79  12:40  Observer (Chrono Boost)  
  79  12:43  Probe  
  80  12:47  Assimilator  
  80  12:49  Assimilator  
  81  12:52  Assimilator  
  81  12:55  Probe, Assimilator  
  81  12:57  Probe x2  
  85  12:58  Observer (Chrono Boost)  
  85  13:09  Stalker  
  85  13:10  Stalker x2, Zealot  
  85  13:11  Zealot x5  
  103  13:13  Pylon  
  103  13:25  Gateway  
  103  13:27  Gateway  
  103  13:32  Observer (Chrono Boost)  
  103  13:40  Probe  
  98  13:42  Probe x2  
  101  13:49  Stalker x5  
  101  13:51  Observer (Chrono Boost)  
  111  14:10  Observer (Chrono Boost)  
  111  14:12  Pylon, Photon Cannon  
  111  14:23  Probe  
  109  14:24  Probe  
  109  14:28  Observer (Chrono Boost)  
  112  14:37  Templar Archives  
  111  14:47  Observer (Chrono Boost)  
  112  15:05  Observer (Chrono Boost)  
  113  15:11  Stalker x2  
  113  15:12  Stalker x2  
  113  16:01  Stalker x3  
  113  16:02  Stalker x3  
  113  16:25  Stalker x5  
  121  17:12  Observer (Chrono Boost)  
  122  17:21  Zealot x6  
  122  17:22  Zealot x6  
  144  17:24  Protoss Shields Level 2  
  146  17:30  Observer (Chrono Boost)  
  147  17:50  Gateway  
  147  17:52  Gateway  
  147  17:58  Gateway  
  147  17:59  Gateway  
  147  18:02  Gateway  
  145  18:05  Gateway  
  102  19:15  Zealot  
  102  19:16  Zealot x6  
  102  19:17  Zealot x5  
  110  19:18  Probe  
  110  19:20  Protoss Ground Armor Level 3  
  72  19:54  Charge (Chrono Boost)  
  60  20:10  Zealot  
  60  20:11  Zealot x7  
  60  20:12  Zealot x2  
  80  20:24  Probe  
  81  20:34  Probe  
  75  21:36  Protoss Shields Level 3  
  75  21:39  Probe  
  75  22:08  High Templar x4  
  77  22:09  High Templar  
  77  22:12  Archon x2  
  61  22:47  Probe  
  62  22:52  Probe  
  62  22:58  Probe  
  64  23:08  Probe  
  65  23:19  High Templar x3, Probe  
  63  23:20  High Templar x2  
  63  23:23  Archon  
  63  23:24  Archon  
  68  23:29  Probe  
  69  23:35  Stalker  
  71  24:12  Stalker  
  73  24:25  Observer  
  73  25:03  Stalker  
  73  25:05  Observer  
  74  25:26  Observer  
  61  25:42  Dark Templar  
  62  25:43  Dark Templar  
  63  25:51  Dark Templar  
  60  26:26  Probe, Dark Templar  
  59  26:58  Dark Templar  
  61  27:04  Observer  
  62  27:25  Observer  
  63  28:01  Probe  
  60  28:09  Stalker x2  
  64  28:27  Probe  
  65  28:38  Probe  
  65  28:40  Stalker  
  66  28:48  Probe  
  65  28:59  Probe  
  66  29:09  Probe  
  67  29:39  Dark Templar  
  66  30:05  Nexus  
  60  30:22  Pylon  
  60  30:25  Pylon  
  60  30:39  High Templar x4  
  68  30:43  Archon x2  
  68  31:02  Dark Templar  
  59  31:14  Dark Templar  
  59  31:18  High Templar x5  
  65  31:22  Archon x2  
  71  31:29  Observer  
  72  31:50  Observer  
  72  32:17  Observer  
Tags
 
League
GoldGold
Matchup
PvT
Replay Pack
All Mines
Spawn Locations
Close Positions
Add a new tag
Caveats
  • Supply blocks, unpowered buildings, or Contaminate may cause inaccurate times.
  • Supply counts are checked every 10 seconds.